 Dungeon Crawl Stone Soup version 0.32-a0-918-g0f22ef8d61 (webtiles) character file.

Game seed: 5512562334191289153

8538 ezpacito the Chopper (level 11, 0/92 HPs)
             Began as a Coglin Chaos Knight on Apr 10, 2024.
             Was a Plaything of Xom.
             Killed from afar by an acid dragon (19 damage)
             ... with a splash of acid
             ... on level 10 of the Dungeon.
             The game lasted 00:15:38 (8442 turns).

ezpacito the Chopper (Coglin Chaos Knight)          Turns: 8442, Time: 00:15:39

Health: 0/92       AC: 14    Str: 16    XL:     11   Next: 32%
Magic:  16/16      EV:  8    Int: 13    God:    Xom [....*.]
Gold:   177        SH:  0    Dex: 13    Spells: 2/17 levels left

rFire   . . .        l - +4 war axe (chaos) {Jinae}
rCold   . . .        H - +9 staff of Olgreb {rPois∞}
rNeg    . . .        F - +0 chain mail {rPois}
rPois   ∞            (helmet restricted)
rElec   .            (no cloak)
rCorr   .            y - +0 pair of gloves
SInv    .            x - +1 pair of boots
Will    .....        (amulet unavailable) Stlth
                     (ring unavailable)
HPRegen 0.35/turn    (ring unavailable)
MPRegen 0.15/turn    (no gizmo)

%: clarity
@: mighty, cleaving, studying Armour, revving
A: off-hand wielding, slow wielding, warmup strikes, no jewellery, antennae 1,
clarity, robust 1
a: Invent Gizmo, Renounce Religion


You were on level 10 of the Dungeon.
You worshipped Xom.
You were a beloved toy of Xom.
You visited 1 branch of the dungeon, and saw 10 of its levels.
You also visited: Sewer and Bailey.

You collected 596 gold pieces.
You spent 419 gold pieces at shops.

Inventory:

Hand Weapons
 a - a +0 hand axe of chaos {Consuela}
 e - a +2 war axe of freezing {Minjee}
 k - the +7 arbalest of Truth {penet, rElec rCorr}
   (You found it in a bailey)

   rElec:     It insulates you from electricity.
   rCorr:     It protects you from acid and corrosion.
 l - a +4 war axe of chaos (weapon) {Jinae}
 H - the +9 staff of Olgreb (offhand) {rPois∞}
   (You acquired it on level 8 of the Dungeon)

   Radiate:   It can be activated via the 'a'bility menu to radiate toxic
   energy, with effectiveness depending on Evocations skill.
   Alch:      It enhances your alchemy magic.
   rPois∞: It grants immunity to poison.
 K - a +4 trident
Missiles
 b - 4 javelins
 h - 31 poisoned darts
 p - 3 boomerangs (quivered)
 D - 2 throwing nets
Armour
 w - a +1 helmet
 x - a +1 pair of boots (worn)
 y - a +0 pair of gloves (worn)
 F - a +0 chain mail of poison resistance (worn)
Magical Staves
 i - a staff of earth
Wands
 s - a wand of roots (27)
 v - a wand of mindburst (11)
 G - a wand of polymorph (7)
Scrolls
 g - 3 scrolls of enchant armour
 j - 2 scrolls of revelation
 r - 2 scrolls of vulnerability
 t - a scroll of teleportation
 u - 4 scrolls of noise
 E - a scroll of silence
 I - 2 scrolls of amnesia
 J - a scroll of immolation
Potions
 d - a potion of might
 f - a potion of haste {unknown}
 m - 2 potions of cancellation
 n - 3 potions of mutation
 o - 2 potions of attraction
 q - 2 potions of curing
 z - a potion of degeneration {unknown}
 A - a potion of magic {unknown}
 C - 2 potions of heal wounds {unknown}


   Skills:
 * Level 7.3 Fighting
 * Level 7.4(8.4) Axes
 + Level 5.4(7.0) Polearms
 + Level 1.2(3.6) Staves
 - Level 2.4 Ranged Weapons
 - Level 0.5 Throwing
 * Level 7.2 Armour
 * Level 6.0 Dodging
 + Level 4.1 Stealth
 - Level 0.5 Unarmed Combat
 + Level 3.6 Spellcasting
 + Level 0.6 Necromancy
 + Level 1.2 Translocations
 * Level 1.7 Alchemy
 + Level 5.3 Evocations


You had 2 spell levels left.
You knew the following spells:

 Your Spells              Type           Power      Damage    Failure   Level
a - Fugue of the Fallen   Necr           4%         N/A       99%         3
b - Curse of Agony        Necr           4%         N/A       100%        5
c - Maxwell's Portable P  Tloc           5%         2d(5-15)  98%         3
d - Magic Dart            Conj           8%         1d3       89%         1
x - Mephitic Cloud        Conj/Alch/Air  5%         N/A       99%         3

Your spell library contained the following spells:

 Spells                   Type           Power      Damage    Failure   Level
 Blink                    Tloc           10%        N/A       87%         2
 Lesser Beckoning         Tloc           10%        N/A       87%         2
 Call Imp                 Summ           4%         N/A       96%         2
 Ensorcelled Hibernation  Hex/Ice        4%         N/A       96%         2
 Teleport Other           Tloc           5%         N/A       98%         3
 Dazzling Flash           Conj/Hex       4%         N/A       99%         3
 Ozocubu's Armour         Ice            2%         N/A       99%         3
 Passwall                 Erth           2%         N/A       99%         3
 Swiftness                Air            2%         N/A       99%         3
 Animate Armour           Summ/Erth      4%         N/A       100%        4
 Summon Lightning Spire   Summ/Air       2%         N/A       100%        4
 Lee's Rapid Deconstruct  Erth           1%         3d4*      100%        5
 Silence                  Hex/Air        1%         N/A       100%        5
 Manifold Assault         Tloc           2%         N/A       100%        7


Dungeon Overview and Level Annotations

Branches:
Dungeon (10/15)            Temple (0/1) D:7            Lair (0/5) D:9
  Sewer (visited)          Bailey (visited)
    Orc: D:9-12

Altars:
Ashenzari
Cheibriados
Elyvilon
Fedhas
Gozag
Qazlal
Ru
Sif Muna
Uskayaw
Wu Jian
Xom
Yredelemnul
Zin

Shops:
D:5 =   D:9 ?

Annotations:
D:10 1 transporter, Krumphau's ghost, journeyman DsMo


Innate Abilities, Weirdness & Mutations

You can wield a second weapon in your off-hand.
It takes a long time for you to wield or remove held weapons.
Your first few attacks do less damage.
You cannot equip rings or amulets.
You have a pair of small antennae on your head.
You possess an exceptional clarity of mind.
You are robust. (+10% HP)


Message History

The killer bee goes berserk!
The queen bee calls on something to defend it!
You take 6 damage, and have 24/92 hp.
Blink to where?
Press: ? - help, Dir - move target
As you read the scroll of blinking, it crumbles to dust.
The killer bee is engulfed in poison gas.
The killer bee is poisoned.
The killer bee is engulfed in poison gas.
The killer bee looks even sicker.
The killer bee is engulfed in poison gas.
The killer bee looks even sicker.
The killer bee rages.
The killer bee closely misses you.
The killer bee stings you but does no damage. x2
You feel a little less clever now. The killer bee stings you.
* * * LOW HITPOINT WARNING * * *
The killer bee stings you but does no damage.
You take 4 damage, and have 23/92 hp.
The killer bee closely misses you. The killer bee stings you.
* * * LOW HITPOINT WARNING * * *
You take 5 damage, and have 18/92 hp.
Okay, then.
Aiming: Polymorph
Press: ? - help, Shift-Dir - straight line, f - killer bee
Aim: a killer bee (heavily wounded, berserk, very poisoned, will become a steam dragon, an acid dragon, or a swamp drake, chance to affect: 71%)
The killer bee evaporates and reforms as an acid dragon!
You barely miss the acid dragon with your +4 war axe of chaos.
The acid dragon is severely wounded.
You thump the acid dragon with the +9 staff of Olgreb!
The acid dragon bites you but does no damage.
The acid dragon claws you but does no damage.
You closely miss the acid dragon with the +9 staff of Olgreb.
The acid dragon is almost dead.
You closely miss the acid dragon with your +4 war axe of chaos.
The acid dragon spits acid at you. The splash of acid hits you!!
You die...
Xom is highly amused!

#.#####.## #.# . ©.
..#........# ..#
.##...##..#........# ..#
#.#..#.#..#.#........#
#.#..#.#..#.#........#
#..##...##OW#........#
#....$!)..OO#........###
#############...........
.....©yy.yyyy..D@....###
......yy.y○..........#
####...y#####........#
#yy#..# #......>.#
#y##### #........# #!y{
#........#


#yyy #........# #yyy† #........# #y.... You could see 2 two-headed ogres, an
acid dragon (catching breath) and 5 killer bees.

Vanquished Creatures
  Erolcha (D:9)
  A centaur warrior (D:9)
  An orc knight (Bailey)
  The ghost of hattop the Chopper, a novice MDFi of Zin (D:5)
  A hornet (D:8)
  A wraith (D:10)
  2 wyverns (D:8)
  5 yaks (D:9)
  3 ice beasts
  7 orc warriors (Bailey)
  An ogre (D:7)
  4 black bears
  A sky beast (D:6)
  A centaur (D:10)
  5 kobold brigands
  5 bullfrogs
  6 scorpions
  16 wights
  18 killer bees
  A howler monkey (D:6)
  2 bombardier beetles
  3 hounds
  An orc priest (D:2)
  3 sleepcaps
  5 orc wizards
  2 iguanas
  A hell rat (Sewer)
  A river rat (Sewer)
  7 adders
  An ufetubus (D:5)
  2 dart slugs (D:3)
  A ribbon worm (D:2)
  23 orcs
  5 endoplasms
  5 giant cockroaches
  3 hobgoblins
  8 jackals
  4 quokkas
  5 ball pythons
  3 bats
  8 frilled lizards
  4 goblins
  24 kobolds
  10 rats
212 creatures vanquished.

Vanquished Creatures (collateral kills)
  Duvessa (D:5)
  An ufetubus (D:5)
  3 orcs
5 creatures vanquished.

Vanquished Creatures (others)
  A two-headed ogre (Bailey)
  4 goblins (D:7)
5 creatures vanquished.

Grand Total: 222 creatures vanquished

Notes
Turn   | Place    | Note
-------+----------+-------------------------------------------
     0 | D:1      | ezpacito the Coglin Chaos Knight began the quest for the
                  | Orb.
     0 | D:1      | Reached XP level 1. HP: 18/18 MP: 1/1
    53 | D:1      | Reached skill level 1 in Dodging
   183 | D:1      | Reached XP level 2. HP: 24/24 MP: 2/2
   325 | D:1      | You fall into a shaft and drop 1 floor!
   894 | D:2      | Reached XP level 3. HP: 12/29 MP: 3/3
   905 | D:2      | Reached skill level 1 in Polearms
   905 | D:2      | Reached XP level 4. HP: 6/35 MP: 3/5
  1372 | D:2      | XOM: noise
  1678 | D:3      | Found a sacrificial altar of Ru.
  1833 | D:3      | Reached XP level 5. HP: 35/41 MP: 6/6
  2190 | D:4      | Reached skill level 1 in Spellcasting
  2314 | D:4      | XOM: give mutations
  2314 | D:4      | Gained mutation: Your magical capacity is low. (-10% MP)
                  | [Xom's mischief]
  2314 | D:4      | Lost mutation: Your magical capacity is low. (-10% MP)
                  | [Xom's mischief]
  2314 | D:4      | Gained mutation: Your body sometimes deteriorates upon
                  | taking damage. [Xom's mischief]
  2316 | D:4      | Reached skill level 1 in Stealth
  2316 | D:4      | Reached XP level 6. HP: 45/48 MP: 5/7
  2322 | D:4      | XOM: god gift: scroll labelled NUREQA BENOG {god gift}
  2480 | D:5      | Entered Level 5 of the Dungeon
  2480 | D:5      | Noticed an ice beast
  2483 | D:5      | XOM: divination: detect items
  2488 | D:5      | Killed an ice beast
  2489 | D:5      | Found a runed translucent door.
  2491 | D:5      | Noticed hattop's ghost (novice MDFi)
  2526 | D:5      | Reached skill level 1 in Evocations
  2568 | D:5      | Noticed Dowan
  2571 | D:5      | Dowan changed into Dowan the giant cockroach
  2571 | D:5      | Noticed Dowan
  2571 | D:5      | Killed Dowan the giant cockroach
  2571 | D:5      | Noticed Duvessa
  2581 | D:6      | Found a basalt altar of Yredelemnul.
  2593 | D:6      | Found a hide-covered altar of Uskayaw.
  2719 | D:6      | Reached XP level 7. HP: 54/54 MP: 8/8
  2762 | D:6      | Found Zin's Purification Station.
  2765 | D:6      | Found a glowing silver altar of Zin.
  2769 | D:6      | Bought a potion of curing for 90 gold pieces
  2787 | D:6      | XOM: 3-stop teleportation journey
  2831 | D:6      | Reached XP level 8. HP: 59/61 MP: 10/10
  2910 | D:6      | Identified the +1 ring mail of Decompression {rCorr Str-3
                  | Int+5}
  2989 | D:6      | XOM: enchant monster (bad)
  3055 | D:6      | Found a glowing drain.
  3060 | Sewer    | Entered a sewer
  3545 | D:6      | Reached skill level 5 in Fighting
  3545 | D:6      | Reached skill level 5 in Axes
  3658 | D:6      | XOM: silly message
  3787 | D:5      | Killed Duvessa
  3922 | D:5      | Found a shimmering altar of Xom.
  4034 | D:5      | XOM: cast spell 'Chain of Chaos'
  4039 | D:5      | Reached XP level 9. HP: 68/68 MP: 12/12
  4041 | D:5      | Found Lojoazac's Jewellery Shoppe.
  4125 | D:5      | Found a blossoming altar of Fedhas.
  4302 | D:5      | Found a runed translucent door.
  4670 | D:7      | Found a staircase to the Ecumenical Temple.
  4745 | D:7      | Found a snail-covered altar of Cheibriados.
  4775 | D:7      | Found a flagged portal.
  4784 | D:7      | XOM: destruction
  4823 | D:7      | XOM: 5-stop teleportation journey
  4853 | Bailey   | Entered a bailey
  4969 | Bailey   | XOM: silly message
  4970 | Bailey   | Lost mutation: Your body sometimes deteriorates upon taking
                  | damage. [potion of mutation]
  4970 | Bailey   | Gained mutation: Your spells are a little easier to cast,
                  | but a little less powerful. [potion of mutation]
  4970 | Bailey   | Gained mutation: You possess an exceptional clarity of
                  | mind. [potion of mutation]
  4970 | Bailey   | Gained mutation: You are robust. (+10% HP) [potion of
                  | mutation]
  4970 | Bailey   | Gained mutation: You have hidden genetic potential. [potion
                  | of mutation]
  4981 | Bailey   | XOM: 1-stop teleportation journey
  5257 | Bailey   | Noticed an orc knight
  5258 | Bailey   | Noticed an orc knight
  5266 | Bailey   | HP: 1/75 [orc knight/+0 trident (20)]
  5278 | Bailey   | XOM: 5-stop teleportation journey
  5520 | Bailey   | XOM: enchant monster (good)
  5539 | Bailey   | Reached skill level 5 in Armour
  5734 | Bailey   | XOM: cloud trail
  5766 | Bailey   | an orc knight changed into a two-headed ogre
  5766 | Bailey   | Noticed a two-headed ogre
  5770 | Bailey   | Killed a two-headed ogre
  5770 | Bailey   | XOM: divine lightning
  5771 | Bailey   | Reached skill level 1 in Ranged Weapons
  5975 | Bailey   | XOM: cast spell 'Cause Fear'
  5982 | Bailey   | Killed an orc knight
  5983 | Bailey   | Reached XP level 10. HP: 61/83 MP: 14/14
  6069 | Bailey   | Identified the +7 arbalest of Truth {penet, rElec rCorr}
  6542 | D:5      | XOM: summons 2 friendly demons
  6543 | D:5      | Killed hattop's ghost
  6544 | D:5      | Reached skill level 5 in Dodging
  6557 | D:5      | Gained mutation: You have a pair of small antennae on your
                  | head. [hidden potential]
  6597 | D:6      | XOM: cloud trail
  6760 | D:8      | Found a stormy altar of Qazlal.
  6771 | D:8      | Reached skill level 5 in Polearms
  6777 | D:8      | XOM: divination: magic mapping
  6939 | D:8      | Found an ornate altar of the Wu Jian Council.
  7271 | D:8      | Found a broken altar of Ashenzari.
  7328 | D:8      | XOM: god gift: scroll labelled BETICK LIULU {god gift}
  7379 | D:8      | Identified a scroll of acquirement
  7379 | D:8      | Acquired the +9 staff of Olgreb {rPois∞}
  7379 | D:8      | Found the +9 staff of Olgreb {rPois∞}
  7429 | D:9      | Found a staircase to the Lair.
  7434 | D:9      | Noticed Erolcha
  7441 | D:9      | XOM: silly message
  7442 | D:9      | Killed Erolcha
  7541 | D:9      | Noticed a centaur warrior
  7543 | D:9      | XOM: summons friendly quasit
  7548 | D:9      | Killed a centaur warrior
  7549 | D:9      | Reached skill level 5 in Evocations
  7555 | D:9      | Learned a level 3 spell: Mephitic Cloud
  7559 | D:9      | Learned a level 3 spell: Fugue of the Fallen
  7565 | D:9      | Learned a level 5 spell: Curse of Agony
  7569 | D:9      | Learned a level 3 spell: Maxwell's Portable Piledriver
  7571 | D:9      | Learned a level 1 spell: Magic Dart
  7581 | D:9      | XOM: divination: detect items
  7639 | D:9      | Reached XP level 11. HP: 90/92 MP: 16/16
  7713 | D:9      | Reached skill level 1 in Staves
  7731 | D:9      | Found Ifiroit's Magic Scroll Shoppe.
  7744 | D:9      | Bought a scroll of noise for 11 gold pieces
  7744 | D:9      | Bought a scroll of vulnerability for 44 gold pieces
  7744 | D:9      | Bought a scroll of revelation for 82 gold pieces
  7744 | D:9      | Bought a scroll of identify for 22 gold pieces
  7744 | D:9      | Bought a scroll of enchant armour for 82 gold pieces
  7744 | D:9      | Bought a scroll of amnesia for 44 gold pieces
  7744 | D:9      | Bought a scroll of amnesia for 44 gold pieces
  7748 | D:9      | XOM: enchant monster (good)
  7750 | D:9      | Found a shimmering blue altar of Sif Muna.
  7750 | D:9      | XOM: 8-stop teleportation journey
  7863 | D:9      | Reached skill level 1 in Alchemy
  7884 | D:9      | Lost mutation: Your spells are a little easier to cast, but
                  | a little less powerful. [hidden potential]
  7884 | D:9      | Lost mutation: You have hidden genetic potential. [hidden
                  | potential expressed]
  8219 | D:9      | XOM: divination: detect creatures
  8239 | D:10     | Entered Level 10 of the Dungeon
  8313 | D:10     | Found an opulent altar of Gozag.
  8344 | D:10     | Found a white marble altar of Elyvilon.
  8361 | D:10     | XOM: potion effect (brilliance)
  8374 | D:10     | Found a transporter.
  8375 | D:10     | Noticed a two-headed ogre
  8375 | D:10     | Noticed Krumphau's ghost (journeyman DsMo)
  8376 | D:10     | Noticed a two-headed ogre
  8377 | D:10     | Identified the +0 great mace of a sewer {elec, rElec Will-
                  | Int+3 Dex+3}
  8377 | D:10     | Identified the +9 giant spiked club "Loem" {speed, *Corrode
                  | rC+ Str+3 Int+4}
  8377 | D:10     | Noticed a two-headed ogre
  8410 | D:10     | XOM: cleaving
  8416 | D:10     | Reached skill level 1 in Translocations
  8442 | D:10     | Killed from afar by an acid dragon

Illustrated notes

Levels and vault maps discovered:
D:1:      saegor_arrival_simple_d, layout_loops_cross
D:2:      layout_basic, minmay_misc_feat_square
D:3:      layout_rooms, mainiacjoe_overflow_chevrons, serial_park_tiny_pond
D:4:      layout_rooms
D:5:      layout_loops_cross, fedhas_altar_decomposition,
          mainiacjoe_overflow_surrounded_room, ebering_ghost_sewer_f,
          serial_shops, shop, uniq_duvessa
D:6:      layout_loops_corners, nicolae_uskayaw_suspiria,
          mainiacjoe_overflow_catwalk, zin_purify, gup_sewer_entry_bowl,
          lexackson_kobold_supper
D:7:      layout_rooms, mainiacjoe_overflow_alcove_1, minmay_temple_entry_hall,
          enter_bailey_5
D:8:      layout_cave_pools, mainiacjoe_overflow_alcove_4,
          mainiacjoe_overflow_24_doors, mainiacjoe_overflow_boulevard
D:9:      layout_loops_ring, lemuel_crystal_altar, lair_entry_dummy,
          serial_shops, nicolae_diamond_shop, uniq_erolcha
D:10:     layout_long_grid, nicolae_overflow_crystal_walls,
          mainiacjoe_overflow_tiny_flanked, lightli_temple_of_fire, erik_orc_1,
          special_room [special_room_bee], gammafunk_ghost_smash

Skill      XL: |  1  2  3  4  5  6  7  8  9 10 11 |
---------------+----------------------------------+-----
Dodging        | 1 2 3 4 5 6 |  6.0
Armour         | 2 3 4 5 6 7 |  7.2
Polearms       | 1 2 3 4 5 |  5.4
Spellcasting   | 1 2 3 |  3.6
Stealth        | 1 2 3 4 |  4.1
Axes           | 4 5 6 7 |  7.4
Fighting       | 4 5 6 7 |  7.3
Evocations     | 1 2 4 5 |  5.3
Ranged Weapons | 1 2 |  2.4
Staves         | 1 |  1.2
Alchemy        | 1 |  1.7
Translocations | 1 |  1.2
Throwing       | |  0.5
Unarmed Combat | |  0.5
Necromancy     | |  0.6

Action                     |  1- 3 |  4- 6 |  7- 9 | 10-12 || total
---------------------------+-------+-------+-------+-------++-------
  Melee: Hand axe          |    65 |   170 |   305 |    28 ||   568
         Dagger            |    33 |       |       |       ||    33
         War axe           |       |       |    46 |   137 ||   183
         Staff             |       |       |       |    81 ||    81
  Throw: Boomerang         |       |       |     4 |       ||     4
  Evoke: Wand              |       |     1 |    11 |     2 ||    14
    Use: Potion            |     3 |       |     2 |     2 ||     7
         Scroll            |       |     9 |    12 |     5 ||    26
   Stab: Invisible         |     1 |       |       |       ||     1
         Paralysed         |       |       |     6 |     2 ||     8
         Confused          |       |       |     9 |     2 ||    11
         Petrified         |       |       |    10 |       ||    10
 Armour: Leather armour    |    49 |    13 |       |       ||    62
         Chain mail        |       |    81 |   237 |   172 ||   490
  Dodge: Dodged            |    39 |    39 |   106 |    86 ||   270

Table legend: (Time is in decaauts)
 A = Elapsed time spent in this place.
 B = Non-inter-level travel time spent in this place.
 C = Inter-level travel time spent in this place.
 D = Time resting spent in this place.
 E = Time spent auto-exploring this place.
 F = Levels seen in this place.
 G = Mean time per level.
                   A        B        C        D        E       F      G
               +--------+--------+--------+--------+--------+-----+--------+
         Total |   8574 |   8073 |    501 |    857 |   5331 |  12 |  714.5 |
       Dungeon |   7183 |   6682 |    501 |     56 |   5033 |  10 |  718.3 |
         Sewer |    153 |    153 |      0 |      0 |     94 |   1 |  153.0 |
        Bailey |   1237 |   1237 |      0 |    801 |    203 |   1 | 1237.0 |
               +--------+--------+--------+--------+--------+-----+--------+

Top non-repeatable levels by time:
  Bailey: 1237 daAuts
     D:6: 1161 daAuts
     D:5: 913 daAuts
     D:2: 889 daAuts
     D:9: 841 daAuts
     D:1: 781 daAuts
     D:7: 780 daAuts
     D:8: 763 daAuts
     D:3: 462 daAuts
     D:4: 381 daAuts
    D:10: 207 daAuts
   Sewer: 153 daAuts
